AoeStats
← Iamak3186

Arabia

503989225Analyzed
1v1 RM · 1mo ago on Sep 3, 2026· 36m 42s· 2 players
Game mode
Random Map
Map size
Tiny (2 player)
Population
200
Speed
Normal
Resources
Standard
Victory
Conquest
Starting age
Dark Age
Ending age
Imperial Age
RankedLock teamsTeams togetherTeam positionsShared explorationLock speedFull tech treeHidden civsTurbo modeCheats
Victory
Defeat
🇨🇭 Tatars · Switzerland
1313
+13
🇮🇳 Mongols · India
1258
-13
Iamak3186
5:34 Loom
7:59 Feudal Age
20:08 Castle Age
18:35 Double-Bit Axe
18:46 Gold Mining
20:12 Bloodlines
19:56 Horse Collar
20:24 Fletching
21:07 Bow Saw
21:30 Bodkin Arrow
22:25 Padded Archer Armor
23:52 Ballistics
26:06 Gold Shaft Mining
25:36 Heavy Plow
27:15 Leather Archer Armor
31:34 Wheelbarrow
30:49 Town Watch
31:22 Thumb Ring
34:46 Hand Cart
39:05 Imperial Age
Pierretto
5:55 Loom
8:56 Feudal Age
9:26 Double-Bit Axe
11:10 Horse Collar
12:45 Scale Barding Armor
16:07 Gold Mining
19:59 Castle Age
19:01 Fletching
19:22 Bloodlines
20:07 Padded Archer Armor
20:55 Bow Saw
20:58 Bodkin Arrow
22:23 Husbandry
23:44 Gold Shaft Mining
23:36 Padded Archer Armor
26:00 Wheelbarrow
30:16 Leather Archer Armor
31:16 Hand Cart
32:47 Ballistics
36:26 Imperial Age
37:13 Bracer
37:43 Ring Archer Armor
37:07 Stone Mining
Connection lost

Rejoining the realm…

Still unreachable

The connection could not be restored.

Session expired

The server has moved on; the page needs a fresh start.